AoeStats
← Nomad

Arabia

510227099Analyzed
1v1 RM · 18h ago on Sep 30, 2026· 23m 3s· 2 players
Game mode
Random Map
Map size
Tiny (2 player)
Population
200
Speed
Normal
Resources
Standard
Victory
Conquest
Starting age
Dark Age
Ending age
Imperial Age
RankedLock teamsTeams togetherTeam positionsShared explorationLock speedFull tech treeHidden civsTurbo modeCheats
Victory
Defeat
🇧🇷 Tatars · Brazil
1690
+12
🇦🇺 Tatars · Australia
1603
-12
Nomad
3:43 Loom
6:45 Loom
9:35 Feudal Age
11:03 Double-Bit Axe
23:44 Castle Age
22:41 Fletching
SSx_SnowwW
0:56 Loom
10:06 Feudal Age
10:38 Double-Bit Axe
14:14 Horse Collar
19:31 Fletching
22:54 Castle Age
21:14 Padded Archer Armor
21:22 Gold Mining
22:57 Crossbowman
23:33 Bodkin Arrow
Connection lost

Rejoining the realm…

Still unreachable

The connection could not be restored.

Session expired

The server has moved on; the page needs a fresh start.